 Dungeon Crawl Stone Soup version 0.24.0-37-gcf1ca852f1 (webtiles) character file.

Game seed: 17278778334680013653, levelgen mode: deterministic

372 Kobolds4U the Conjurer (level 6, -6/32 HPs)
             Began as a Deep Elf Conjurer on Dec 8, 2019.
             Was an Initiate of Sif Muna.
             Mangled by Edmund
             ... wielding a +5 flail of crushing
              (12 damage)
             ... on level 3 of the Dungeon.
             The game lasted 00:12:29 (2961 turns).

Kobolds4U the Conjurer (Deep Elf Conjurer)          Turns: 2961, Time: 00:12:29

Health: -6/32      AC:  5    Str:  7    XL:     6   Next: 43%
Magic:  11/17      EV: 13    Int: 20    God:    Sif Muna [......]
Gold:   109        SH:  0    Dex: 18    Spells: 8/18 levels left

rFire    . . .     SeeInvis .   t - +0 dagger
rCold    . . .     Gourm    .   (no shield)
rNeg     . . .     Faith    .   a - +0 robe
rPois    .         Spirit   .   (no helmet)
rElec    .         Reflect  .   (no cloak)
rCorr    .         Harm     .   l - +2 pair of gloves {Dex+3}
MR       +....                  (no boots)
Stlth    ++........             (no amulet)
HPRegen  0.10/turn              f - ring of protection from magic
MPRegen  0.15/turn              (no ring)

@: no status effects
A: no striking features
a: Renounce Religion


You were on level 3 of the Dungeon.
You worshipped Sif Muna.
Sif Muna was noncommittal.
You were not hungry.

You visited 1 branch of the dungeon, and saw 4 of its levels.

You collected 109 gold pieces.

Inventory:

Hand Weapons
 b - a +0 short sword
 t - a +0 dagger (weapon)
Missiles
 y - 3 boomerangs (quivered)
Armour
 a - a +0 robe (worn)
 i - a +0 leather armour
 l - a +2 pair of gloves of dexterity (worn)
 u - a +0 pair of boots
Jewellery
 f - a ring of protection from magic (left hand)
 h - an uncursed amulet of harm {unknown}
Scrolls
 d - a scroll of magic mapping {unknown}
 e - a scroll of immolation {unknown}
 g - 4 scrolls of identify {unknown}
 k - a scroll of random uselessness {unknown}
 n - 2 scrolls of teleportation {unknown}
 r - a scroll of fear {unknown}
 v - a scroll of enchant armour {unknown}
 w - a scroll of amnesia {unknown}
 x - a scroll of fog {unknown}
Potions
 j - a potion of agility {unknown}
 m - 2 potions of mutation {unknown}
 o - 2 potions of degeneration {unknown}
 p - a potion of might {unknown}
 s - a potion of resistance {unknown}
 z - 2 potions of invisibility {unknown}
 A - a potion of magic {unknown}
Comestibles
 c - 6 rations


   Skills:
 - Level 2.4 Dodging
 - Level 2.4 Stealth
 + Level 6.7 Spellcasting
 * Level 6.8 Conjurations
 + Level 0.3 Translocations


You had 8 spell levels left.
You knew the following spells:

 Your Spells              Type           Power        Failure   Level  Hunger
a - Magic Dart            Conj           ####         1%          1    None
b - Searing Ray           Conj           ####..       1%          2    None
c - Dazzling Spray        Conj/Hex       ###...       7%          3    #......
d - Force Lance           Conj/Tloc      ###.....     22%         4    ###....

Your spell library contained the following spells:

 Spells                   Type           Power        Failure   Level  Hunger
 Iskenderun's Mystic Bla  Conj           ####....     6%          4    ###....
 Fulminant Prism          Conj/Hex       ###.......   24%         4    ###....


Dungeon Overview and Level Annotations

Branches:
Dungeon (4/15)
 Temple: D:4-7

Altars:
Sif Muna

Annotations:
D:3 Edmund


Message History

Aiming: Dazzling Spray (safe; 7% risk of failure)
Press: ? - help, Shift-Dir - straight line, f - Edmund
Aim: Edmund, wielding a +5 flail of crushing and wearing a +0 chain mail (severely wounded)
The spray of energy hits Edmund.
Edmund is severely wounded.
Edmund is dazzled.
Casting: Dazzling Spray (safe; 7% risk of failure)
Confirm with . or Enter, or press ? or * to list all spells.
Aiming: Searing Ray (safe; 1% risk of failure)
Press: ? - help, Shift-Dir - straight line, f/p - Edmund
Aim: Edmund, wielding a +5 flail of crushing and wearing a +0 chain mail (severely wounded, blind)
The searing ray hits Edmund but does no damage.
Edmund is severely wounded. (Press . to maintain the ray.) Edmund hits you with a +5 flail of crushing.
* * * LOW HITPOINT WARNING * * *
x2 The searing ray hits Edmund but does no damage.
Edmund is severely wounded.
Edmund hits you with a +5 flail of crushing!
You die...

###.#.####..####.###.......###..#
..............##.# ##.>.#.#...#.#
.##.#.####..#.##.# ##..........#
###.#.......#.##.# #...########
....#............# #...# #..
#############.#### #...# #.#
######## #.# #...# #.# .<.....#
####.###### #...# #.# .......#
#......@@.###...######.# .......#
#)#######......(........ .......#
#.# #............... .......###.#
#.............). .......รท...#
#.###...#######. .......##..# #)#
#...# #. #########..# #.# #...#
#. ...# #..#######.# #...# #.
##.# #..........# #...# #.


You could see Edmund (blind).

Vanquished Creatures
  Sigmund (D:2)
  A wyvern skeleton (D:3)
  A gnoll (D:1)
  5 adders
  3 oozes
  2 worms (D:2)
  2 dart slugs (D:2)
  2 leopard geckos
  3 orcs (D:3)
  2 giant cockroaches
  8 goblins
  10 hobgoblins
  5 kobolds
  3 quokkas
  2 ball pythons
  10 bats
  6 frilled lizards
  A rat (D:1)
67 creatures vanquished.

Notes
Turn   | Place    | Note
-------+----------+-------------------------------------------
     0 | D:1      | Kobolds4U the Deep Elf Conjurer began the quest for the
                  | Orb.
     0 | D:1      | Reached XP level 1. HP: 10/10 MP: 6/6
   133 | D:1      | Reached XP level 2. HP: 15/15 MP: 6/8
   393 | D:1      | Reached skill level 5 in Conjurations
   393 | D:1      | Reached XP level 3. HP: 19/19 MP: 0/10
   854 | D:2      | Reached XP level 4. HP: 24/24 MP: 8/12
   858 | D:2      | Learned a level 2 spell: Searing Ray
   862 | D:2      | Learned a level 3 spell: Dazzling Spray
   867 | D:2      | Learned a level 4 spell: Force Lance
   922 | D:2      | Noticed Sigmund
  1426 | D:2      | Reached skill level 5 in Spellcasting
  1679 | D:2      | Found a shimmering blue altar of Sif Muna.
  1682 | D:2      | Became a worshipper of Sif Muna the Loreminder
  1916 | D:2      | Killed Sigmund
  1916 | D:2      | Reached XP level 5. HP: 18/28 MP: 4/15
  1916 | D:2      | Reached XP level 6. HP: 21/32 MP: 4/17
  2825 | D:4      | Noticed Edmund
  2961 | D:3      | Mangled by Edmund

Levels and vault maps discovered:
D:1:      dpeg_arrival_stone_temple_mockup, layout_rooms
D:2:      layout_basic, lemuel_blue_sif_altar, uniq_sigmund
D:3:      layout_loops_cross
D:4:      layout_basic, serial_shops, shop, tgw_trog, uniq_ijyb, uniq_duvessa,
          uniq_edmund

Skill      XL: |  1  2  3  4 |
---------------+-------------+-----
Spellcasting   | 4 6 |  6.7
Conjurations   | 5 6 |  6.8
Dodging        | |  2.4
Stealth        | |  2.4
Translocations | |  0.3

Action                   |  1- 3 |  4- 6 || total
-------------------------+-------+-------++-------
Melee: Dagger            |       |     4 ||     4
 Cast: Magic Dart        |    54 |    65 ||   119
       Searing Ray       |       |    10 ||    10
       Dazzling Spray    |       |     7 ||     7
  Eat: Chunk             |       |     6 ||     6
Armor: Robe              |     6 |     2 ||     8
Dodge: Dodged            |    11 |    14 ||    25
